 Dungeon Crawl Stone Soup version 0.30.1-3-gfc49f6343a (webtiles) character file.

Game seed: 4486871151068636069

221 Descartes the Firebug (level 5, -1/30 HPs)
             Began as a Deep Elf Wanderer on July 19, 2023.
             Slain by Edmund
             ... wielding a +0 flail of protection
              (7 damage)
             ... on level 4 of the Dungeon.
             The game lasted 00:10:13 (3597 turns).

Descartes the Firebug (Deep Elf Wanderer)           Turns: 3597, Time: 00:10:13

Health: -1/30      AC:  2    Str: 10    XL:     5   Next: 65%
Magic:  3/13       EV: 11    Int: 21    God:
Gold:   191        SH:  0    Dex: 11    Spells: 7/12 levels left

rFire   + . .        f - +1 dagger (speed)
rCold   + . .        (no shield)
rNeg    . . .        d - +0 robe
rPois   +            (no helmet)
rElec   +            (no cloak)
rCorr   +            (no gloves)
SInv    .            (no boots)
Will    +....        (no amulet)
Stlth   +            s - ring of willpower
HPRegen 0.25/turn    (no ring)
MPRegen 0.13/turn

%: no passive effects
@: resistant, studying Staves
A: no striking features
a: no special abilities


You were on level 4 of the Dungeon.
You visited 1 branch of the dungeon, and saw 4 of its levels.

You collected 209 gold pieces.
You donated 18 gold pieces to Zin.

Inventory:

Hand Weapons
 f - a +1 dagger of speed (weapon)
Missiles
 b - 23 poisoned darts (quivered)
 g - 3 boomerangs
 k - 5 silver boomerangs
 q - 5 atropa-tipped darts
Armour
 d - a +0 robe (worn)
Jewellery
 s - a ring of willpower (left hand)
Wands
 v - a wand of flame (1)
Scrolls
 a - 2 scrolls of immolation {unknown}
 c - a scroll of fog
 e - 4 scrolls of identify {unknown}
 h - a scroll of blinking {unknown}
 i - a scroll of teleportation {unknown}
 l - 3 scrolls of magic mapping {unknown}
 o - a scroll of enchant weapon {unknown}
 p - a scroll of fear {unknown}
 u - a scroll of brand weapon {unknown}
 w - a scroll of amnesia {unknown}
Potions
 n - 2 potions of curing
 r - a potion of might {unknown}
 t - 2 potions of invisibility {unknown}


   Skills:
 + Level 1.6 Fighting
 - Level 2.0 Throwing
 * Level 4.0 Spellcasting
 + Level 1.6 Conjurations
 + Level 0.6 Hexes
 + Level 4.8 Fire Magic
 + Level 2.3 Ice Magic
 * Level 3.1 Evocations


You had 7 spell levels left.
You knew the following spells:

 Your Spells              Type           Power      Damage    Failure   Level
a - Foxfire               Conj/Fire      72%        2x1d7     3%          1
b - Freeze                Ice            56%        1d7       4%          1
c - Dazzling Flash        Conj/Hex       18%        N/A       22%         3

Your spell library contained the following spells:

 Spells                   Type           Power      Damage    Failure   Level
 Inner Flame              Hex/Fire       15%        N/A       12%         3
 Volatile Blastmotes      Fire/Tloc      28%        2d12      13%         3
 Frozen Ramparts          Ice            28%        1d5       14%         3
 Ozocubu's Armour         Ice            14%        N/A       14%         3
 Metabolic Englaciation   Hex/Ice        5%         N/A       87%         5
 Silence                  Hex/Air        2%         N/A       96%         5
 Agony                    Necr           4%         N/A       97%         5
 Simulacrum               Ice/Necr       4%         N/A       100%        6


Dungeon Overview and Level Annotations

Branches:
Dungeon (4/15)
 Temple: D:4-7

Altars:
Zin

Shops:
D:3 [

Annotations:
D:4 Edmund


Message History

The foxfire hits Edmund but does no damage.
Edmund is lightly wounded.
The foxfire hits Edmund.
Edmund is moderately wounded.
Edmund misses you.
Casting: Foxfire (safe; 3% risk of failure)
Confirm with . or Enter, or press ? or * to list all spells.
You conjure some foxfire!
The foxfire hits Edmund but does no damage.
Edmund is moderately wounded.
The foxfire hits Edmund but does no damage.
Edmund is moderately wounded.
Edmund hits you with a +0 flail of protection.
Casting: Foxfire (safe; 3% risk of failure)
Confirm with . or Enter, or press ? or * to list all spells.
You conjure some foxfire!
The foxfire hits Edmund but does no damage.
Edmund is moderately wounded.
The foxfire hits Edmund but does no damage.
Edmund is moderately wounded.
Edmund hits you with a +0 flail of protection!
* * * LOW HITPOINT WARNING * * *
Casting: Foxfire (safe; 3% risk of failure)
Confirm with . or Enter, or press ? or * to list all spells.
You conjure some foxfire!
The foxfire hits Edmund but does no damage.
Edmund is moderately wounded.
The foxfire hits Edmund but does no damage.
Edmund is moderately wounded.
Edmund mutters, "Who needs spells, anyway?"
Edmund misses you.
Casting: Foxfire (safe; 3% risk of failure)
Confirm with . or Enter, or press ? or * to list all spells.
You conjure some foxfire!
The foxfire hits Edmund but does no damage.
Edmund is moderately wounded.
The foxfire hits Edmund but does no damage.
Edmund is moderately wounded.
Edmund hits you with a +0 flail of protection!
You die...

.#.....###.#....#..#........#..#
.#.........#............#.####.#
.......>.......#..##[.....### .#
.########....#....#####.#...# .#
.# #..####....##....#.#.# .# .#
#...#.....#..##.####.#... ##
#..###.#####§....# #.# ### #.#
##.###...v...# #.######. #.
#?.#...@@§...# ##........
.....§.#..#..v....###...#####.
......................###
.###.######.......##### #..
#.......# ... #.......# .###
#########


You could see Edmund (ally target).

Vanquished Creatures
  A scorpion (D:4)
  5 adders
  A worm (D:2)
  6 dart slugs
  10 orcs
  4 ball pythons
  9 bats
  4 endoplasms
  4 giant cockroaches
  4 goblins
  11 hobgoblins
  2 jackals (D:2)
  8 kobolds
  6 quokkas
  7 frilled lizards
  11 rats
93 creatures vanquished.

Vanquished Creatures (others)
  269 foxfires
269 creatures vanquished.

Grand Total: 362 creatures vanquished

Notes
Turn   | Place    | Note
-------+----------+-------------------------------------------
     0 | D:1      | Descartes the Deep Elf Wanderer began the quest for the
                  | Orb.
     0 | D:1      | Descartes set off with the following items: a +0 dagger, 15
                  | poisoned darts, a scroll of fog, a +0 robe; and the
                  | following spells available to memorise: Foxfire, Freeze,
                  | Inner Flame, Volatile Blastmotes, Frozen Ramparts.
     0 | D:1      | Reached XP level 1. HP: 12/12 MP: 5/5
     2 | D:1      | Learned a level 1 spell: Foxfire
     4 | D:1      | Learned a level 1 spell: Freeze
   180 | D:1      | Reached XP level 2. HP: 16/16 MP: 1/6
   679 | D:1      | Reached XP level 3. HP: 20/20 MP: 5/8
  1233 | D:2      | You fall into a shaft and drop 1 floor!
  1243 | D:3      | Reached skill level 1 in Conjurations
  1249 | D:3      | HP: 1/20 [orc/+0 falchion (2)]
  1271 | D:3      | HP: 1/30 [orc/+0 trident (6)]
  1515 | D:3      | Reached XP level 4. HP: 25/25 MP: 5/10
  1787 | D:3      | Found Xaff's Armour Emporium.
  2466 | D:2      | Reached XP level 5. HP: 29/29 MP: 8/12
  2502 | D:2      | Learned a level 3 spell: Dazzling Flash
  2869 | D:2      | Found a faded altar of an unknown god.
  2915 | D:2      | Prayed at the altar of an unknown god.
  2915 | D:2      | Became a worshipper of Zin the Law-Giver
  2915 | D:2      | Reached * piety under Zin
  2915 | D:2      | Reached ** piety under Zin
  2916 | D:2      | Fell from the grace of Zin
  3574 | D:4      | Noticed Edmund
  3597 | D:4      | Slain by Edmund

Illustrated notes

Levels and vault maps discovered:
D:1:      dpeg_arrival_subterranean_lakeside_camping, layout_rooms,
          minmay_indecisive_spiral
D:2:      layout_loops_ring, ebering_ecumenical_altar_petrified
D:3:      layout_loops_ring, serial_shops, shop_fountains
D:4:      layout_rooms, uniq_edmund, uniq_ijyb

Skill      XL: |  1  2  3  4  5 |
---------------+----------------+-----
Spellcasting   | 2 3 4 |  4.0
Evocations     | 2 3 |  3.1
Conjurations   | 1 |  1.6
Ice Magic      | 2 |  2.3
Fighting       | |  1.6
Throwing       | |  2.0
Hexes          | |  0.6
Fire Magic     | |  4.8

Action                     |  1- 3 |  4- 6 || total
---------------------------+-------+-------++-------
  Melee: Dagger            |    14 |       ||    14
   Cast: Foxfire           |    82 |    75 ||   157
         Freeze            |     4 |    26 ||    30
 Invoke: Renounce Religion |       |     1 ||     1
    Use: Potion            |     3 |     3 ||     6
 Armour: Robe              |     7 |     4 ||    11
         Skin              |    15 |       ||    15
  Dodge: Dodged            |    21 |    18 ||    39
